 Dungeon Crawl Stone Soup version 0.24.0-2-g5b39cebb1c (webtiles) character file.

Game seed: 10659401237982503756, levelgen mode: deterministic

352 chinsky the Cudgeler (level 6, -6/61 HPs)
             Began as a Troll Chaos Knight on Oct 29, 2019.
             Was a Plaything of Xom.
             Killed by divine providence
             ... invoked by an orc priest
              (9 damage)
             ... on level 3 of the Dungeon.
             The game lasted 00:09:01 (1453 turns).

chinsky the Cudgeler (Troll Chaos Knight)           Turns: 1453, Time: 00:09:03

Health: -6/61      AC:  9    Str: 22    XL:     6   Next: 34%
Magic:  5/5        EV: 11    Int:  8    God:    Xom [.....*]
Gold:   149        SH:  0    Dex: 10    Spells: 5/5 levels left

rFire    . . .     SeeInvis .   a - +0 mace (chaos)
rCold    . . .     Gourm    +   (no shield)
rNeg     . . .     Faith    .   b - +2 robe
rPois    .         Spirit   .   (helmet restricted)
rElec    .         Reflect  .   i - +0 cloak
rCorr    .         Harm     .   (gloves unavailable)
MR       .....                  (boots unavailable)
Stlth    +.........             (no amulet)
HPRegen  0.60/turn              (no ring)
MPRegen  0.09/turn              (no ring)

@: about to teleport, death channel
A: large, unfitting armour, claws 3, fast metabolism 3, gourmand, regeneration
1, shaggy fur 1, tough skin 3
a: Renounce Religion


You were on level 3 of the Dungeon.
You worshipped Xom.
You were Xom's teddy bear.
You were not hungry.

You visited 1 branch of the dungeon, and saw 3 of its levels.

You collected 149 gold pieces.

Inventory:

Hand Weapons
 a - a +0 mace of chaos (weapon)
Armour
 b - a +2 robe (worn)
 d - a scarf of resistance
 h - a +0 pair of boots
 i - a +0 cloak (worn)
Jewellery
 j - an uncursed ring of stealth {unknown}
Wands
 n - a wand of random effects (11)
Scrolls
 k - 2 scrolls of identify
Potions
 e - a potion of brilliance {unknown}
 f - a potion of curing
 m - a potion of lignification {unknown}
Comestibles
 c - 3 rations
 l - a chunk of flesh


   Skills:
 + Level 3.3 Fighting
 + Level 4.9 Maces & Flails
 + Level 3.4 Dodging
 + Level 0.5 Stealth


You had 5 spell levels left.
You didn't know any spells.
Your spell library was empty.

Dungeon Overview and Level Annotations

Branches:
Dungeon (3/15)

Altars:
Gozag
Hepliaklqana
Yredelemnul

Shops:
D:2 *


Innate Abilities, Weirdness & Mutations

You are too large for most types of armour.
You have claws for hands.
Your metabolism is lightning-fast.
You like to eat raw meat.
Your natural rate of healing is unusually fast.
You are covered in fur. (AC +1)
You have extremely tough skin. (AC +3)


Message History

The orc priest is severely wounded.
The orc priest hits you but does no damage.
An orc wizard comes into view. It is wielding a +0 dagger.
The orc priest calls down the wrath of Beogh upon you.
Beogh smites you!
* * * LOW HITPOINT WARNING * * *
You emit a cloud of colourful smoke!
As you read the scroll of teleportation, it crumbles to dust.
You feel strangely unstable.
The area is suffused with divine lightning!
The blast of lightning engulfs the orc!!!
The orc dies!
The blast of lightning engulfs the orc priest!!!
The orc priest dies!
A glowing mist starts to gather... x2
An orc priest comes into view. It is wielding a +0 falchion.
The orc priest calls down the wrath of Beogh upon you.
Beogh smites you!
You die...
Xom cackles wildly!

.# #.# ####### . #####
#.#######.....#
#####...###########.......#†###.#
....†..)o[o(..........(.(...)..>#
...)...÷o.o..o(##.....(.#.#.#####
#####...######oo#.#.###.#.#......
#...# ##)#.#.# ..#.####### #...#
#Z§Z#.#.###.# #...# ##@§#.#. #.#
#...# #..#.# #.# ##### #..#)# #..
#..#.# ##.#.# ###########.#.#
#.............# #.#########.#.#
#.#......<#.#.#


You could see 2 orc priests, an orc wizard, a friendly spectral orc and a
friendly spectral orc priest.

Vanquished Creatures
  Sigmund (D:3)
  A crimson imp (D:3)
  A centaur skeleton (D:2)
  4 adders
  2 worms (D:2)
  2 dart slugs (D:2)
  8 orcs
  3 giant cockroaches
  3 goblins
  3 hobgoblins
  3 jackals (D:2)
  4 quokkas
  11 bats
  5 frilled lizards
  2 gnoll zombies (D:2)
  4 kobolds
  3 rats
60 creatures vanquished.

Vanquished Creatures (collateral kills)
  2 orcs (D:3)
2 creatures vanquished.

Vanquished Creatures (others)
  An orc priest (D:3)
  An orc (D:3)
2 creatures vanquished.

Grand Total: 64 creatures vanquished

Notes
Turn   | Place    | Note
-------+----------+-------------------------------------------
     0 | D:1      | chinsky the Troll Chaos Knight began the quest for the Orb.
     0 | D:1      | Reached XP level 1. HP: 22/22 MP: 0/0
   143 | D:1      | XOM: harmless Summ miscast
   258 | D:1      | Reached skill level 3 in Maces & Flails
   278 | D:1      | Reached XP level 2. HP: 29/29 MP: 1/1
   314 | D:1      | XOM: harmless Pois miscast
   361 | D:1      | You fall into a shaft and drop 1 floor!
   361 | D:2      | XOM: noise
   361 | D:2      | Found an opulent altar of Gozag.
   376 | D:2      | Found Gozag's Platinum Reserve.
   390 | D:2      | XOM: potion effect (berserk rage)
   530 | D:2      | Found a basalt altar of Yredelemnul.
   583 | D:2      | Reached XP level 3. HP: 35/36 MP: 2/2
   583 | D:2      | XOM: harmless Tmut miscast
   600 | D:2      | XOM: harmless Tmut miscast
   611 | D:2      | Reached XP level 4. HP: 29/44 MP: 3/3
   772 | D:2      | XOM: potion effect (haste)
   972 | D:2      | XOM: harmless Pois miscast
  1044 | D:3      | Found a hazy altar of Hepliaklqana.
  1095 | D:3      | Noticed Grinder
  1135 | D:3      | XOM: enchant monster (good)
  1156 | D:3      | Noticed Grinder
  1156 | D:3      | Grinder changed into Grinder the crimson imp
  1188 | D:3      | XOM: cast spell 'Statue Form'
  1219 | D:3      | XOM: cast spell 'Alistair's Intoxication'
  1252 | D:3      | Killed Grinder the crimson imp
  1252 | D:3      | Reached skill level 4 in Maces & Flails
  1252 | D:3      | Reached XP level 5. HP: 50/53 MP: 4/4
  1269 | D:3      | XOM: god gift: 30 gold pieces
  1376 | D:3      | Noticed Sigmund
  1383 | D:3      | XOM: confusion
  1398 | D:3      | Killed Sigmund
  1398 | D:3      | Reached XP level 6. HP: 61/61 MP: 5/5
  1430 | D:3      | XOM: summons friendly iron imp
  1449 | D:3      | XOM: cast spell 'Death Channel'
  1452 | D:3      | HP: 3/61 [orc priest/divine providence (16)]
  1452 | D:3      | XOM: smoke on damage
  1453 | D:3      | XOM: divine lightning
  1453 | D:3      | Killed from afar by an orc priest

Levels and vault maps discovered:
D:1:      matt_arrival_diagonals, layout_basic
D:2:      layout_basic, nicolae_gozag_zags_fifth_avenue,
          lemuel_zombie_altar_yredelemnul, first_ration
D:3:      layout_basic, nicolae_overflow_crystal_walls, uniq_grinder,
          uniq_sigmund

Skill      XL: |  1  2  3  4 |
---------------+-------------+-----
Dodging        | 2 3 |  3.4
Maces & Flails | 3 4 |  4.9
Fighting       | 3 |  3.3
Stealth        | |  0.5

Action                   |  1- 3 |  4- 6 || total
-------------------------+-------+-------++-------
Melee: Mace              |    92 |   184 ||   276
  Use: Scroll            |     2 |     5 ||     7
 Stab: Sleeping          |     1 |       ||     1
       Confused          |       |     1 ||     1
  Eat: Chunk             |     2 |     3 ||     5
       Ration            |     1 |     1 ||     2
Armor: Robe              |    65 |   110 ||   175
       Skin              |       |     6 ||     6
Dodge: Dodged            |    72 |   135 ||   207
